 Dungeon Crawl Stone Soup version 0.29-a0-275-g389c0b56f3 (webtiles) character file.

Game seed: 8405749137935801880

2 Conn the Firebug (level 1, 0/11 HPs)
             Began as an Octopode Fire Elementalist on Mar 12, 2022.
             Slain by a jackal (1 damage)
             ... on level 1 of the Dungeon.
             The game lasted 00:00:41 (44 turns).

Conn the Firebug (Octopode Fire Elementalist)         Turns: 44, Time: 00:00:42

Health: 0/11       AC:  1    Str:  6 (7)  XL:     1   Next: 40%
Magic:  0/3        EV: 13    Int: 14 (17) God:
Gold:   0          SH:  0    Dex:  9 (12) Spells: 3/4 levels left

rFire   . . .      SeeInvis .   (no weapon)
rCold   . . .      Faith    .   (no shield)
rNeg    . . .      Spirit   .   (helmet restricted)
rPois   .          Reflect  .   (no amulet)
rElec   .          Harm     .   (no ring)
rCorr   .          Rampage  .   (no ring)
Will    .....                   (no ring)
Stlth   +++.......              (no ring)
HPRegen 0.03/turn               (no ring)
MPRegen 0.08/turn               (no ring)
                                (no ring)
                                (no ring)

@: no status effects
A: almost no armour, amphibious, 8 rings, camouflage 1, gelatinous body 1,
(nimble swimmer 1), tentacles
a: no special abilities


You were on level 1 of the Dungeon.
You visited 1 branch of the dungeon, and saw 1 of its levels.

Inventory:

Missiles
 b - 2 javelins
Scrolls
 d - a scroll of identify {unknown}
Potions
 a - a potion of magic
 e - a potion of haste {unknown}


   Skills:
 + Level 2.1 Dodging
 + Level 2.6 Stealth
 + Level 2.0 Spellcasting
 + Level 1.0 Conjurations
 + Level 3.1 Fire Magic


You had 3 spell levels left.
You knew the following spells:

 Your Spells              Type           Power      Damage    Failure   Level
a - Foxfire               Conj/Fire      28%        2x1d5     11%         1

Your spell library contained the following spells:

 Spells                   Type           Power      Damage    Failure   Level
 Scorch                   Fire           20%        2d6       10%         2
 Conjure Flame            Conj/Fire      7%         6-21      30%         3
 Inner Flame              Hex/Fire       5%         N/A       36%         3
 Flame Wave               Conj/Fire      7%         2d5       71%         4


Dungeon Overview and Level Annotations

Branches:
Dungeon (1/15)

Altars:


Innate Abilities, Weirdness & Mutations

You cannot wear most types of armour.
You are amphibious.
You can wear up to eight rings at the same time.
Your skin changes colour to match your surroundings (Stealth+).
Your rubbery body absorbs attacks. (AC +1, EV +1)
((You are camouflaged when in or above water. (Stealth+)))
You have tentacles for arms and can constrict up to eight enemies at once.


Message History

Unknown command.
You tentacle-slap the jackal but do no damage.
Your grab misses the jackal. Your squeeze misses the jackal.
The foxfire hits the jackal.
The jackal is moderately wounded.
The foxfire hits the jackal.
The jackal is heavily wounded.
The jackal closely misses you. The jackal barely misses you.
Okay, then.
Okay, then.
You tentacle-slap the jackal but do no damage.
Your grab misses the jackal.
The jackal is heavily wounded.
The jackal completely misses you.
You tentacle-slap the jackal but do no damage.
Your grab misses the jackal.
You squeeze the jackal, but do no damage.
The jackal is heavily wounded.
The jackal barely misses you. The jackal misses you.
You tentacle-slap the jackal. Your grab misses the jackal.
Your squeeze misses the jackal.
The jackal is severely wounded.
The jackal barely misses you.
You tentacle-slap the jackal but do no damage.
Your grab misses the jackal.
The jackal is severely wounded.
The jackal misses you.
You barely miss the jackal. Your grab misses the jackal.
You squeeze the jackal.
The jackal is almost dead.
The jackal bites you.
* * * LOW HITPOINT WARNING * * *
The jackal bites you.
* * * LOW HITPOINT WARNING * * *
Okay, then.
It was a potion of degeneration.
There was something very wrong with that liquid.
You feel weakened.
You feel dopey.
You feel clumsy. The jackal bites you.
You die...

#.#.......(.....#
#.#.............##
#....###...###....
##...#<......#....
#...#.......#...#
##.........[...#
#......#......#
#......h......#
#...#....@..#...#
#...#......>#...#
#...###...### ..#
.#..........
#.#..........
#...###... ####
###


You could see a jackal.

Vanquished Creatures
  A giant cockroach (D:1)
  A jackal (D:1)
2 creatures vanquished.

Vanquished Creatures (others)
  6 foxfires (D:1)
6 creatures vanquished.

Grand Total: 8 creatures vanquished

Notes
Turn   | Place    | Note
-------+----------+-------------------------------------------
     0 | D:1      | Conn the Octopode Fire Elementalist began the quest for the
                  | Orb.
     0 | D:1      | Reached XP level 1. HP: 11/11 MP: 3/3
    44 | D:1      | Slain by a jackal

Illustrated notes

Levels and vault maps discovered:
D:1:      minmay_arrival_open_corners, layout_basic, minmay_tetromino_l4

Action                   || total
-------------------------++-------
Melee: Unarmed           ||     7
       Tentacles         ||     3
       Constrict         ||     1
 Cast: Foxfire           ||     3
  Use: Potion            ||     1
Dodge: Dodged            ||    11

Table legend: (Time is in decaauts)
 A = Elapsed time spent in this place.
 B = Non-inter-level travel time spent in this place.
 C = Inter-level travel time spent in this place.
 D = Time resting spent in this place.
 E = Time spent auto-exploring this place.
 F = Levels seen in this place.
 G = Mean time per level.
                   A        B        C        D        E       F      G
               +--------+--------+--------+--------+--------+-----+--------+
         Total |     44 |     44 |      0 |      0 |      0 |   1 |   44.0 |
       Dungeon |     44 |     44 |      0 |      0 |      0 |   1 |   44.0 |
               +--------+--------+--------+--------+--------+-----+--------+

Top non-repeatable levels by time:
     D:1: 44 daAuts
